 Dungeon Crawl Stone Soup version 0.25-a0-942-g87a53962fc (webtiles) character file.

Game seed: 14668438462863975338, levelgen mode: deterministic

20318 Flugslaktarn the Cleaver (level 12, -10/108 HPs)
             Began as a Minotaur Fighter on May 7, 2020.
             Was the Champion of Cheibriados.
             Hit by a large rock thrown by a cyclops (40 damage)
             ... on level 13 of the Dungeon.
             The game lasted 00:06:31 (11130 turns).

Flugslaktarn the Cleaver (Minotaur Fighter)        Turns: 11130, Time: 00:06:32

Health: -10/108    AC: 16    Str: 40    XL:     12   Next: 44%
Magic:  6/17       EV: 18    Int: 20    God:    Cheibriados [******]
Gold:   648        SH:  0    Dex: 29    Spells: 11/11 levels left

rFire    + . .     SeeInvis .   A - +2 battleaxe (flame)
rCold    + . .     Gourm    .   (shield currently unavailable)
rNeg     . . .     Faith    +   i - +2 chain mail {rF+}
rPois    .         Spirit   .   (helmet restricted)
rElec    .         Reflect  .   (no cloak)
rCorr    .         Harm     .   (no gloves)
MR       .....                  f - +1 pair of boots
Stlth    ..........             m - amulet of faith
HPRegen  0.28/turn              c - ring of protection from cold
MPRegen  0.15/turn              s - +3 ring of strength

@: very slow
A: retaliatory headbutt, horns 2
a: Bend Time, Temporal Distortion, Slouch, Step From Time, Renounce Religion


You were on level 13 of the Dungeon.
You worshipped Cheibriados.
Cheibriados was exalted by your worship.
You were not hungry.

You visited 1 branch of the dungeon, and saw 13 of its levels.

You collected 648 gold pieces.

Inventory:

Hand Weapons
 a - a +0 war axe
 A - a +2 battleaxe of flaming (weapon)
   (You took it off Blork the orc on level 4 of the Dungeon)
Missiles
 k - 4 throwing nets (quivered)
Armour
 f - a +1 pair of boots (worn)
   (You found it on level 2 of the Dungeon)
 i - a +2 chain mail of fire resistance (worn)
   (You took it off Harold on level 8 of the Dungeon)
 o - a +0 plate armour
   (You found it on level 1 of the Dungeon)
 C - a +0 kite shield
Jewellery
 c - a ring of protection from cold (left hand)
   (You found it on level 5 of the Dungeon)
 m - an amulet of faith (around neck)
   (You found it on level 2 of the Dungeon)
 s - a +3 ring of strength (right hand)
   (You found it on level 3 of the Dungeon)
 w - an uncursed ring of protection from cold
   (You found it on level 4 of the Dungeon)
Wands
 g - a wand of acid (5)
   (You found it on level 5 of the Dungeon)
 v - a wand of digging (3)
   (You found it on level 2 of the Dungeon)
 y - a wand of paralysis (11)
   (You took it off an orc on level 4 of the Dungeon)
 z - a wand of iceblast (2)
   (You found it on level 11 of the Dungeon)
 B - a wand of scattershot (7)
   (You found it on level 4 of the Dungeon)
Scrolls
 l - a scroll of enchant armour
 p - 2 scrolls of fog
 r - a scroll of identify
 t - 3 scrolls of teleportation
 u - 2 scrolls of enchant weapon
 x - 3 scrolls of remove curse
 D - 3 scrolls of magic mapping
Potions
 d - a potion of might
 h - 2 potions of haste
 j - 2 potions of stabbing
 n - a potion of magic
 q - 3 potions of curing
 E - a potion of ambrosia
 H - a potion of cancellation
 I - a potion of flight
Comestibles
 e - 14 rations


   Skills:
 + Level 10.8 Fighting
 * Level 14.3 Axes
 + Level 10.8 Armour
 + Level 8.3 Dodging
 - Level 6.0 Shields
 + Level 8.0 Invocations


You had 11 spell levels left.
You didn't know any spells.
Your spell library was empty.

Dungeon Overview and Level Annotations

Branches:
Dungeon (13/15)            Temple (0/1) D:6            Lair (0/6) D:11
    Orc (0/2) D:10
 Vaults: D:13-14

Altars:
Ashenzari
Cheibriados
Fedhas
Hepliaklqana
Kikubaaqudgha
Nemelex Xobeh
Okawaru
Qazlal
Sif Muna
Trog
Vehumet
Wu Jian
Yredelemnul
Jiyva

Annotations:
D:7 2 transporters, Killmatronix's ghost, novice NaHu
D:10 2 transporters, Amnesiac's ghost, journeyman DEWz


Innate Abilities, Weirdness & Mutations

You reflexively headbutt those who attack you in melee.
You have a pair of horns on your head.


Message History

You kill the vault guard!
Cheibriados thoroughly appreciates the change of pace.
Your Invocations skill increases to level 8!
You kill the hippogriff!
Cheibriados thoroughly appreciates the change of pace.
You kill the howler monkey!
Cheibriados appreciates the change of pace.
You kill the goblin!
Cheibriados thoroughly appreciates the change of pace.
You kill the goblin!
Cheibriados appreciates the change of pace.
You feel somewhat more hungry.
The vault guard hits you but does no damage.
Unknown command.
You can feel time thicken for a moment.
You kill the yak!
Cheibriados appreciates the change of pace.
You feel somewhat more hungry.
The cyclops throws a large rock.
The large rock hits you!!!
You die...

#.......#
#......p#
#.......#
#......p#
#.....p#######
#......C...).)
#....p)†...#
#.....@#
#..)†(.#
#...().#
#..(...#
#.<(...#
######.# #.#
#.. ###


You could see 4 vault guards and a cyclops.

Vanquished Creatures
  Kirke (D:12)
  A vault guard (D:13)
  Harold (D:8)
  Erolcha (D:10)
  A tengu warrior (D:13)
  An unseen horror (D:12)
  Joseph (D:10)
  A manticore (D:12)
  Psyche (D:10)
  A gargoyle (D:12)
  Maggie (D:7)
  A komodo dragon (D:11)
  2 kobold demonologists (D:12)
  4 trolls
  Prince Ribbit (D:8)
  A slime creature (D:11)
  A hippogriff (D:13)
  A meliai zombie (D:12)
  Sigmund (D:3)
  A shadow (D:11)
  11 yaks
  4 wraiths
  3 hogs (D:12)
  2 hungry ghosts
  A water moccasin (D:11)
  6 orc warriors
  2 black bears
  An ice beast (D:10)
  A hornet zombie (D:10)
  2 sky beasts
  2 phantoms
  2 necrophages (D:11)
  12 ogres
  3 crocodiles
  9 centaurs
  10 big kobolds
  Blork the orc (D:4)
  4 gnoll sergeants (D:10)
  5 bullfrogs
  4 scorpions
  A water moccasin skeleton (D:8)
  A wyvern skeleton (D:7)
  15 killer bees
  2 howler monkeys
  7 wights
  4 crimson imps
  2 bullfrog zombies
  7 jellies
  3 quasits
  2 centaur zombies
  6 hounds
  15 orc wizards
  A centaur skeleton (D:7)
  8 orc priests
  A bullfrog skeleton (D:7)
  Jessica (D:3)
  Ijyb (D:5)
  6 iguanas
  Natasha (thrice) (D:4)
  12 worker ants
  A hound skeleton (D:4)
  A howler monkey zombie (D:8)
  A worker ant zombie (D:11)
  9 adders
  9 gnolls
  5 oozes (D:11)
  4 adder skeletons
  5 dart slugs
  4 leopard geckos
  50 orcs
  A bat zombie (D:6)
  5 giant cockroaches
  9 goblins
  3 hobgoblins
  27 jackals
  2 quokkas
  6 bats
  6 frilled lizards
  17 kobolds
  A leopard gecko skeleton (D:4)
  11 rats
  4 plants (D:11)
388 creatures vanquished.

Vanquished Creatures (others)
  4 plants (D:11)
4 creatures vanquished.

Grand Total: 392 creatures vanquished

Notes
Turn   | Place    | Note
-------+----------+-------------------------------------------
     0 | D:1      | Flugslaktarn the Minotaur Fighter began the quest for the
                  | Orb.
     0 | D:1      | Reached XP level 1. HP: 19/19 MP: 0/0
   235 | D:1      | Reached XP level 2. HP: 20/27 MP: 1/1
   479 | D:1      | Reached skill level 3 in Axes
   672 | D:2      | Found a basalt altar of Yredelemnul.
   684 | D:2      | Reached XP level 3. HP: 4/33 MP: 2/2
   813 | D:2      | Found a shimmering blue altar of Sif Muna.
  1008 | D:2      | Found a radiant altar of Vehumet.
  1023 | D:2      | Reached XP level 4. HP: 23/40 MP: 3/3
  1024 | D:2      | Reached skill level 4 in Axes
  1574 | D:3      | Noticed Sigmund
  1580 | D:3      | Killed Sigmund
  1580 | D:3      | Reached skill level 5 in Axes
  1580 | D:3      | Reached XP level 5. HP: 47/47 MP: 4/4
  1598 | D:3      | Noticed Jessica
  1601 | D:3      | Killed Jessica
  1601 | D:3      | Reached XP level 6. HP: 55/55 MP: 5/5
  1773 | D:3      | Reached skill level 5 in Fighting
  2034 | D:3      | Reached skill level 5 in Shields
  2378 | D:4      | Reached skill level 5 in Armour
  2438 | D:4      | Found a snail-covered altar of Cheibriados.
  2448 | D:4      | Became a worshipper of Cheibriados the Contemplative
  2704 | D:4      | Reached skill level 6 in Axes
  2739 | D:4      | Reached XP level 7. HP: 36/61 MP: 6/6
  2747 | D:4      | Reached skill level 1 in Invocations
  3111 | D:4      | Reached * piety under Cheibriados
  3136 | D:4      | Noticed Natasha
  3153 | D:4      | Killed Natasha
  3211 | D:4      | Reached skill level 7 in Axes
  3442 | D:4      | Found an iron altar of Okawaru.
  3442 | D:4      | Found a hazy altar of Hepliaklqana.
  3519 | D:4      | Noticed Natasha
  3523 | D:4      | Killed Natasha
  3540 | D:4      | Noticed Natasha
  3547 | D:4      | Killed Natasha
  3547 | D:4      | Reached XP level 8. HP: 63/70 MP: 8/8
  3640 | D:4      | Noticed Blork the orc
  3646 | D:4      | Killed Blork the orc
  3684 | D:5      | Entered Level 5 of the Dungeon
  3758 | D:5      | Reached ** piety under Cheibriados
  3758 | D:5      | Reached skill level 1 in Dodging
  3904 | D:5      | Found a stormy altar of Qazlal.
  3974 | D:5      | Noticed Ijyb
  4021 | D:5      | Killed Ijyb
  4022 | D:5      | Reached skill level 8 in Axes
  4088 | D:5      | Found a shattered altar of Ashenzari.
  4413 | D:6      | Found a blossoming altar of Fedhas.
  4529 | D:6      | Reached *** piety under Cheibriados
  4574 | D:6      | Found an ancient bone altar of Kikubaaqudgha.
  4720 | D:6      | Reached XP level 9. HP: 62/79 MP: 10/10
  4891 | D:6      | Found a staircase to the Ecumenical Temple.
  4931 | D:7      | Reached skill level 9 in Axes
  5033 | D:7      | Found an ornate altar of the Wu Jian Council.
  5135 | D:7      | Reached **** piety under Cheibriados
  5316 | D:7      | Found a transporter.
  5338 | D:7      | Noticed Killmatronix's ghost (novice NaHu)
  5399 | D:7      | Found a transporter.
  5446 | D:7      | Noticed Maggie
  5452 | D:7      | Killed Maggie
  5685 | D:8      | Reached skill level 10 in Axes
  5766 | D:8      | Noticed Prince Ribbit
  5775 | D:8      | Killed Prince Ribbit
  6059 | D:8      | Noticed Harold
  6068 | D:8      | Killed Harold
  6068 | D:8      | Reached ***** piety under Cheibriados
  6068 | D:8      | Reached skill level 5 in Invocations
  6068 | D:8      | Reached XP level 10. HP: 85/88 MP: 12/12
  6071 | D:8      | Found a sparkling altar of Nemelex Xobeh.
  6448 | D:9      | Reached skill level 5 in Dodging
  6588 | D:9      | Reached skill level 11 in Axes
  6879 | D:9      | Found a bloodstained altar of Trog.
  7265 | D:10     | Entered Level 10 of the Dungeon
  7357 | D:10     | Noticed Joseph
  7363 | D:10     | Reached ****** piety under Cheibriados
  7377 | D:10     | Killed Joseph
  7750 | D:10     | Reached skill level 12 in Axes
  7765 | D:10     | Reached XP level 11. HP: 47/97 MP: 14/14
  7924 | D:10     | Found a staircase to the Orcish Mines.
  8147 | D:10     | Noticed Psyche
  8152 | D:10     | Killed Psyche
  8443 | D:10     | Found a transporter.
  8448 | D:10     | Noticed Amnesiac's ghost (journeyman DEWz)
  8641 | D:10     | Noticed Erolcha
  8646 | D:10     | Killed Erolcha
  8739 | D:10     | Found a transporter.
  9569 | D:11     | Found a staircase to the Lair.
  9812 | D:11     | Reached skill level 13 in Axes
  9970 | D:11     | Found a viscous altar of Jiyva.
 10110 | D:12     | Reached skill level 10 in Fighting
 10337 | D:12     | Reached skill level 10 in Armour
 10402 | D:12     | Noticed Kirke
 10413 | D:12     | Killed Kirke
 10413 | D:12     | Reached XP level 12. HP: 105/107 MP: 16/16
 10756 | D:12     | Reached skill level 14 in Axes
 11108 | D:13     | Noticed a tengu warrior
 11114 | D:13     | Killed a tengu warrior
 11124 | D:13     | Noticed a vault guard
 11125 | D:13     | Noticed a vault guard
 11125 | D:13     | Noticed a vault guard
 11127 | D:13     | Noticed a vault guard
 11128 | D:13     | Noticed a vault guard
 11129 | D:13     | Killed a vault guard
 11130 | D:13     | Hit by a large rock thrown by a cyclops

Levels and vault maps discovered:
D:1:      dpeg_arrival_pond, layout_loops_ring
D:2:      layout_basic, yredelemnul_altar_generic,
          nicolae_overflow_crystal_walls, overflow_temple_1_default,
          first_ration
D:3:      minmay_general_purpose_star, layout_loops_ring, uniq_sigmund,
          uniq_jessica
D:4:      layout_loops_ring, gammafunk_temple_overflow_wave,
          kennysheep_slug_shrine, uniq_blork_the_orc, uniq_natasha
D:5:      layout_rooms, lemuel_round_altar, kennysheep_little_box,
          minmay_misc_feat_plants, uniq_ijyb
D:6:      layout_rooms, lemuel_zombie_altar_kikubaaqudgha,
          fedhas_ov_isle_minmay, minmay_temple_entry_enclosed_plants
D:7:      layout_loops_cross, overflow_temple_1_default,
          gammafunk_ghost_stat_death, uniq_maggie
D:8:      layout_loops_ring, nemelex_xobeh_ov_fountains_minmay, uniq_harold,
          uniq_prince_ribbit1
D:9:      layout_loops_ring, bloody_trog
D:10:     layout_small_grid, kennysheep_orc_monster_closet_entryway,
          gammafunk_ghost_berserking_beasts, uniq_joseph, uniq_psyche,
          uniq_erolcha
D:11:     layout_roguey, david_lair_shrubbed, hangedman_little_slice_of_home,
          palyth_stone_intersect, kennysheep_potato
D:12:     layout_roguey, uniq_kirke
D:13:     layout_basic, erik_vaults_2, enter_bailey_3, minivault_26,
          minivault_27

Skill      XL: |  1  2  3  4  5  6  7  8  9 10 11 12 |
---------------+-------------------------------------+-----
Axes           | 3 5 6 7 8 10 12 13 14 | 14.3
Fighting       | 4 5 7 8 9 10 | 10.8
Armour         | 4 5 6 8 9 10 | 10.8
Shields        | 4 5 6 |  6.0
Invocations    | 2 3 5 6 7 8 |  8.0
Dodging        | 2 4 6 7 8 |  8.3

Action                   |  1- 3 |  4- 6 |  7- 9 | 10-12 || total
-------------------------+-------+-------+-------+-------++-------
Melee: War axe           |    88 |   153 |    82 |       ||   323
       Headbutt          |    10 |    30 |    61 |    88 ||   189
       Battleaxe         |       |       |   132 |   278 ||   410
Invok: Bend Time         |       |       |     1 |       ||     1
       Slouch            |       |       |       |     6 ||     6
Evoke: Wand              |       |       |       |     1 ||     1
  Use: Potion            |     5 |       |       |     4 ||     9
       Scroll            |       |       |    12 |     6 ||    18
  Eat: Chunk             |       |     5 |     5 |    10 ||    20
       Ration            |       |     1 |     1 |       ||     2
Armor: Plate armour      |    92 |    88 |   128 |       ||   308
       Chain mail        |       |       |       |   149 ||   149
Dodge: Dodged            |    13 |    21 |   107 |   219 ||   360
Block: Kite shield       |    65 |    99 |    39 |       ||   203

Table legend:
 A = Non-vault XP
 B = Vault XP
 C = Vault XP percentage of total XP
 D = Non-vault monster count
 E = Vault monster count
 F = Vault count percentage of total count
                 A         B        C        D         E       F
            +---------+---------+-------+---------+---------+-------
      Total |   17779 |   11247 |  38.7 |     326 |      58 |  15.1
            +---------+---------+-------+---------+---------+-------
        D:1 |      28 |       0 |   0.0 |      18 |       0 |   0.0
        D:2 |     108 |       0 |   0.0 |      23 |       0 |   0.0
        D:3 |      72 |     273 |  79.1 |      31 |       6 |  16.2
        D:4 |     908 |     138 |  13.2 |      32 |       3 |   8.6
        D:5 |     545 |      36 |   6.2 |      11 |       1 |   8.3
        D:6 |     755 |       2 |   0.3 |      22 |       1 |   4.3
        D:7 |    1071 |     398 |  27.1 |      28 |       1 |   3.4
        D:8 |     669 |    1276 |  65.6 |      18 |       2 |  10.0
        D:9 |    1806 |     100 |   5.2 |      37 |       1 |   2.6
       D:10 |    1768 |    3898 |  68.8 |      31 |      22 |  41.5
       D:11 |    2596 |    1374 |  34.6 |      23 |      14 |  37.8
       D:12 |    5167 |    2730 |  34.6 |      40 |       4 |   9.1
       D:13 |    2286 |    1022 |  30.9 |      12 |       3 |  20.0
            +---------+---------+-------+---------+---------+-------
